AoeStats
← RiseoftheRuben

Glade

510370536Analyzed
1v1 RM · 1d ago on Sep 30, 2026· 36m 39s· 2 players
Game mode
Random Map
Map size
Tiny (2 player)
Population
200
Speed
Normal
Resources
Standard
Victory
Conquest
Starting age
Dark Age
Ending age
Imperial Age
RankedLock teamsTeams togetherTeam positionsShared explorationLock speedFull tech treeHidden civsTurbo modeCheats
Victory
Defeat
🇩🇪 Danes · Germany
1735
+20
🇪🇸 Portuguese · Spain
1818
-20
NarcoGalego
5:57 Loom
9:07 Feudal Age
12:52 Castle Age
13:51 Double-Bit Axe
21:05 Town Watch
24:48 Wheelbarrow
26:45 Horse Collar
31:48 Imperial Age
32:26 Masonry
31:54 Elite Organ Gun
33:55 Chemistry
34:29 Hand Cart
33:52 Light Cavalry
35:16 Treadmill Crane
RiseoftheRuben
8:52 Feudal Age
8:55 Man-at-Arms
11:36 Loom
11:38 Arson
18:58 Castle Age
17:21 Double-Bit Axe
17:18 Horse Collar
20:21 Town Watch
22:54 Wheelbarrow
30:49 Imperial Age
30:23 Hand Cart
30:20 Bloodlines
30:10 Husbandry
30:18 Light Cavalry
32:01 Forging
32:08 Onager
35:18 Scale Barding Armor
35:50 Iron Casting
Connection lost

Rejoining the realm…

Still unreachable

The connection could not be restored.

Session expired

The server has moved on; the page needs a fresh start.